 Dungeon Crawl Stone Soup version 0.32-a0-558-g233958a4c4 (webtiles) character file.

Game seed: 9242915085980943914

88197 Strat the Warrior (level 15, -34/151 HPs)
             Began as a Mountain Dwarf Fighter on Feb 28, 2024.
             Was a High Priest of Okawaru.
             Annihilated by a large slime creature (35 damage)
             ... on level 13 of the Dungeon on Feb 29, 2024.
             The game lasted 00:58:57 (28559 turns).

Strat the Warrior (Mountain Dwarf Fighter)         Turns: 28559, Time: 00:58:57

Health: -34/151    AC: 18    Str: 27    XL:     15   Next: 45%
Magic:  21/21      EV: 14    Int: 15    God:    Okawaru [*****.]
Gold:   230        SH: 10    Dex: 11    Spells: 4/14 levels left

rFire   . . .        a - +9 broad axe of Runek {drain, rC+ rN+ Str+4}
rCold   + + +        B - +0 kite shield
rNeg    + + +        H - +4 scale mail "Lemusew" {rN+ Will+}
rPois   .            M - +1 hat
rElec   .            b - +0 cloak of Gozag's Condemnation {rN++}
rCorr   .            (no gloves)
SInv    .            s - +2 pair of boots
Will    ++...        (no amulet) Stlth
                     y - +5 ring of evasion
HPRegen 0.45/turn    w - ring "Qieso" {Fly rC++ Int+5}
MPRegen 0.17/turn

%: no passive effects
@: mighty, flying
A: runic magic, artefact enchanting
a: Renounce Religion, Heroism, Finesse, Duel


You were on level 13 of the Dungeon.
You worshipped Okawaru.
Okawaru was extremely pleased with you.
You visited 4 branches of the dungeon, and saw 22 of its levels.
You also visited: Gauntlet.

You collected 1820 gold pieces.
You spent 1590 gold pieces at shops.

Inventory:

Hand Weapons
 a - the +9 broad axe of Runek (weapon) {drain, rC+ rN+ Str+4}
   (You bought it in a shop on level 2 of the Orcish Mines)

   Str+4:     It affects your strength (+4).
   rC+:       It protects you from cold.
   rN+:       It protects you from negative energy.
 J - a +1 war axe of flaming
 P - a +2 heavy broad axe
Missiles
 e - 6 atropa-tipped darts
 n - 17 javelins
 E - a curare-tipped dart (quivered)
 S - a dart of dispersal
 T - 5 datura-tipped darts
Armour
 b - the +0 cloak of Gozag's Condemnation (worn) {rN++}
   (You found it in a Gauntlet)

   rN++:      It greatly protects you from negative energy.
 s - a +2 pair of boots (worn)
 B - a +0 kite shield (worn)
 H - the +4 scale mail "Lemusew" (worn) {rN+ Will+}
   (You found it on level 9 of the Dungeon)

   rN+:       It protects you from negative energy.
   Will+:     It increases your willpower.
 M - a +1 hat (worn)
Jewellery
 i - a ring of resist corrosion
 l - a ring of protection from fire
 w - the ring "Qieso" (right hand) {Fly rC++ Int+5}
   (You found it in a Gauntlet)

   [ring of flight]

   Int+5:     It affects your intelligence (+5).
   rC++:      It greatly protects you from cold.
   Fly:       It grants you flight.
 y - a +5 ring of evasion (left hand)
 W - a +6 ring of strength
 X - an amulet of guardian spirit
Wands
 u - a wand of mindburst (22)
 v - a wand of polymorph (5)
 C - a wand of flame (25)
 D - a wand of warping (3)
 I - a wand of paralysis (3)
 O - a wand of light (14)
Scrolls
 f - 3 scrolls of revelation
 h - a scroll of silence
 j - 7 scrolls of enchant weapon
 m - a scroll of poison
 r - 2 scrolls of amnesia
 t - a scroll of vulnerability
 A - 5 scrolls of enchant armour
 F - a scroll of brand weapon
 K - 11 scrolls of identify
 R - a scroll of immolation
Potions
 c - 3 potions of heal wounds
 d - 3 potions of might
 g - 4 potions of enlightenment
 k - 5 potions of curing
 o - 2 potions of ambrosia
 p - a potion of resistance
 x - a potion of brilliance
 z - 5 potions of haste
 G - a potion of magic
 L - 5 potions of mutation
Miscellaneous
 V - a phial of floods


   Skills:
 - Level 18.9 Fighting
 - Level 18.0 Axes
 + Level 6.7 Throwing
 - Level 10.8 Armour
 * Level 7.5 Shields
 - Level 8.0 Invocations
 - Level 7.0 Evocations


You had 4 spell levels left.
You knew the following spells:

 Your Spells              Type           Power      Damage    Failure   Level
a - Apportation           Tloc           0%         N/A       50%         1
b - Olgreb's Toxic Radia  Alch           0%         N/A       99%         4
c - Alistair's Intoxicat  Alch           0%         N/A       100%        5

Your spell library contained the following spells:

 Spells                   Type           Power      Damage    Failure   Level
 Necrotise                Necr           0%         1d4       50%         1
 Sting                    Conj/Alch      0%         1d3       50%         1
 Mercury Vapours          Alch/Air       0%         N/A       63%         2
 Dazzling Flash           Conj/Hex       0%         N/A       86%         3
 Frozen Ramparts          Ice            0%         1d1       86%         3
 Mephitic Cloud           Conj/Alch/Air  0%         N/A       86%         3
 Volatile Blastmotes      Fire/Tloc      0%         2d10      86%         3
 Ignite Poison            Fire/Alch      0%         N/A       99%         4
 Leda's Liquefaction      Alch/Erth      0%         N/A       99%         4
 Petrify                  Alch/Erth      0%         N/A       99%         4
 Sticky Flame             Fire/Alch      0%         2d4       99%         4
 Freezing Cloud           Conj/Ice/Air   0%         6-21      100%        5
 Metabolic Englaciation   Hex/Ice        0%         N/A       100%        5
 Starburst                Conj/Fire      0%         6d3       100%        6
 Ignition                 Fire           0%         3d3       100%        8
 Maxwell's Capacitive Co  Air            0%         ∞         100%        8
 Summon Small Mammal      Summ           Unusable   N/A       N/A         1
 Call Canine Familiar     Summ           Unusable   N/A       N/A         3
 Summon Blazeheart Golem  Fire/Summ      Unusable   N/A       N/A         4
 Sculpt Simulacrum        Ice/Alch       Unusable   N/A       N/A         6

Dungeon Overview and Level Annotations

Branches:
Dungeon (14/15)            Temple (1/1) D:6            Lair (5/5) D:9
 Shoals (0/4) Lair:2        Snake (0/4) Lair:3        Slime (0/5) Lair:4
    Orc (2/2) D:9             Elf (0/3) Orc:2       Gauntlet (visited)
 Vaults: D:13-14

Altars:
Ashenzari
Cheibriados
Dithmenos
Elyvilon
Fedhas
Gozag
Hepliaklqana
Kikubaaqudgha
Makhleb
Nemelex Xobeh
Okawaru
Qazlal
Ru
Sif Muna
Trog
Uskayaw
Vehumet
Wu Jian
Xom
Yredelemnul
Zin
The Shining One
Beogh
Jiyva

Shops:
D:1 !   D:6 (   D:11 *   Orc:2 *(*=(!!

Annotations:
D:13 Agnes


Innate Abilities, Weirdness & Mutations

Your spellcasting is much less encumbered by armour.
You can use scrolls of enchantment on lesser artefacts.


Message History

Agnes hits you but does no damage. The slime creature hits you!
The slime creature barely misses you. The slime creature closely misses you.
The boulder beetle bites you!
* * * LOW HITPOINT WARNING * * *
You block Agnes's attack.
You fly upwards.
There is a stone staircase leading down here.
Okay, then.
Okay, then.
You feel very mighty all of a sudden.
Agnes hits you with a +5 lajatang of speed!!
* * * LOW HITPOINT WARNING * * *
You block Agnes's attack.
The slime creature hits you but does no damage.
You block the boulder beetle's attack. The slime creature hits you!
* * * LOW HITPOINT WARNING * * *
The slime creature barely misses you. Agnes attacks as she pursues you!
You block Agnes's attack.
Agnes hits you with a +5 lajatang of speed!!
* * * LOW HITPOINT WARNING * * *
Two slime creatures merge to form a large slime creature.
The slime creature closely misses you. You block Agnes's attack.
Unknown command.
You block the boulder beetle's attack.
Agnes hits you with a +5 lajatang of speed!!
* * * LOW HITPOINT WARNING * * *
Casting: Apportation (safe; 50% risk of failure)
Confirm with . or Enter, or press ? or * to list all spells.
You don't know that spell.
Okay, then.
You slice Agnes!! You drain Agnes!
Agnes is moderately wounded.
You chop the slime creature into pieces!!!
You slash the boulder beetle! You hit the large slime creature.
Agnes hits you with a +5 lajatang of speed!
* * * LOW HITPOINT WARNING * * *
Agnes hits you with a +5 lajatang of speed!
* * * LOW HITPOINT WARNING * * *
You block the slime creature's attack. The large slime creature hits you!!
You die...

###÷.##.....J<...(.#[# #......##
.....##.#............####.##.....
.##..##.#..........#.##...###..##
.##.###...#.......##....### #...#
........#..........#...## ####...
#......##..........#....###......
.......##..........#.##...#......
#......##..........######........
...##..........B@..# ###......
.####..........JiJ## #...... ##
#..........>.## #......
#..........### #######
#..........# #..........#
#........).# #..........#
############


You could see Agnes (drained), a boulder beetle, a large slime creature and a
slime creature.

Vanquished Creatures
  Donald (Orc:1)
  Gastronok (D:10)
  A minotaur (Gauntlet)
  Snorg (D:12)
  A green death (Gauntlet)
  Fannar (Lair:2)
  5 hydras
  3 centaur warriors
  A catoblepas (Lair:5)
  The ghost of Gangsterbeez the Basher, a novice MiFi of Okawaru (D:9)
  3 boulder beetles
  5 two-headed ogres
  21 death yaks
  4 orc high priests
  3 skysharks
  5 skeletal warriors (D:13)
  A goliath frog (Lair:5)
  A deep elf pyromancer (D:12)
  7 orc knights (Orc:2)
  A wolf spider (Gauntlet)
  5 orc sorcerers
  6 manticores
  3 cyclopes
  5 kobold blastminers
  2 black mambas
  A merfolk siren (Lair:2)
  2 gargoyles
  2 orange demons (Gauntlet)
  Jeremiah (D:6)
  Maggie (D:7)
  2 unseen horrors
  23 cane toads
  A rime drake (Lair:1)
  2 kobold demonologists (D:11)
  11 komodo dragons
  A tyrant leech (Lair:5)
  A merfolk (Lair:2)
  2 hornets
  2 polar bears
  6 trolls
  23 blink frogs
  7 dream sheep (Lair:4)
  A shadow (D:13)
  2 wraiths
  25 yaks
  15 slime creatures
  4 wyverns
  6 wargs
  2 steam dragons
  A fire elemental (Lair:3)
  3 redbacks (Gauntlet)
  9 vampire mosquitoes
  A basilisk (Lair:4)
  Menkaure (D:6)
  3 nagas (Lair:3)
  An acid dragon (D:9)
  13 water moccasins
  20 orc warriors
  A black bear (D:6)
  2 ogres (D:6)
  18 wolves
  10 centaurs
  A phantom (D:6)
  6 kobold brigands
  20 bullfrogs
  2 gnoll sergeants
  6 scorpions (D:4)
  10 wights
  4 killer bees (D:8)
  5 howler monkeys
  10 electric eels
  A lava snake (Lair:3)
  A bombardier beetle (D:5)
  16 jellies
  15 orc priests
  Crazy Yiuf (D:7)
  5 hounds
  3 iguanas
  27 orc wizards
  A sleepcap (D:5)
  Ijyb (D:4)
  14 adders
  17 gnolls
  A shadow imp (D:8)
  3 white imps
  4 ufetubi (D:5)
  A ribbon worm (D:2)
  4 dart slugs
  58 orcs
  16 bats
  8 endoplasms
  A giant cockroach (D:3)
  6 hobgoblins
  2 jackals (D:4)
  2 quokkas
  10 ball pythons
  6 frilled lizards
  5 goblins
  9 kobolds
  8 rats
624 creatures vanquished.

Notes
Turn   | Place    | Note
-------+----------+-------------------------------------------
     0 | D:1      | Strat the Mountain Dwarf Fighter began the quest for the
                  | Orb.
     0 | D:1      | Reached XP level 1. HP: 19/19 MP: 1/1
   168 | D:1      | Found Dilyd's Distillery.
   184 | D:1      | Reached XP level 2. HP: 26/26 MP: 2/2
   469 | D:1      | Found a faded altar of an unknown god.
   803 | D:1      | Bought a potion of curing for 30 gold pieces
   959 | D:2      | Reached XP level 3. HP: 31/31 MP: 3/3
  1356 | D:3      | Found a sacrificial altar of Ru.
  1438 | D:2      | Reached XP level 4. HP: 27/40 MP: 4/4
  1595 | D:3      | Learned a level 1 spell: Apportation
  1818 | D:3      | Reached XP level 5. HP: 46/46 MP: 5/5
  1909 | D:3      | Reached skill level 5 in Axes
  2478 | D:4      | Reached XP level 6. HP: 53/53 MP: 6/6
  2598 | D:4      | Reached skill level 5 in Fighting
  2598 | D:4      | Reached skill level 5 in Armour
  2785 | D:4      | Reached XP level 7. HP: 42/61 MP: 7/7
  2931 | D:4      | Identified the +0 robe of Trial and Error {Str+2}
  3259 | D:4      | Found the +11 Singing Sword {sonic wave}
  3479 | D:4      | Noticed Ijyb
  3484 | D:4      | Killed Ijyb
  3967 | D:5      | Entered Level 5 of the Dungeon
  4185 | D:5      | Noticed a steam dragon
  4421 | D:5      | Killed a steam dragon
  4422 | D:5      | Reached XP level 8. HP: 57/70 MP: 8/8
  4572 | D:5      | Found a glowing golden altar of the Shining One.
  4617 | D:5      | Identified the +6 scimitar of Radagres {drain, Will+ rCorr
                  | Int-3}
  4853 | D:6      | Found a staircase to the Ecumenical Temple.
  4864 | Temple   | Entered the Ecumenical Temple
  4871 | Temple   | Became a worshipper of Warmaster Okawaru
  4917 | D:6      | Noticed Menkaure
  4921 | D:6      | Killed Menkaure
  5106 | D:6      | Found Taaschei's Antique Weapon Shoppe.
  5172 | D:6      | Noticed Jeremiah
  5272 | D:6      | Killed Jeremiah
  5272 | D:6      | Reached * piety under Okawaru
  5427 | D:6      | Reached skill level 10 in Axes
  5476 | D:6      | Reached XP level 9. HP: 63/79 MP: 9/9
  5967 | D:7      | Noticed Maggie
  5978 | D:7      | Killed Maggie
  5978 | D:7      | Reached ** piety under Okawaru
  6490 | D:7      | Reached skill level 1 in Invocations
  6637 | D:7      | Found a runed translucent door.
  6638 | D:7      | Noticed Crazy Yiuf
  7126 | D:7      | Killed Crazy Yiuf
  7126 | D:7      | Reached *** piety under Okawaru
  7325 | D:8      | Reached XP level 10. HP: 82/85 MP: 12/12
  7653 | D:8      | Noticed a +0 hand axe
  7653 | D:8      | Noticed a +0 dagger
  7654 | D:8      | Found a hide-covered altar of Uskayaw.
  8307 | D:9      | Noticed a two-headed ogre
  8311 | D:9      | Killed a two-headed ogre
  8667 | D:9      | Identified the +4 scale mail "Lemusew" {rN+ Will+}
  8767 | D:9      | Found a staircase to the Lair.
  8795 | D:9      | Reached **** piety under Okawaru
  8912 | D:9      | Found a staircase to the Orcish Mines.
  8987 | D:9      | Found a runed translucent door.
  8990 | D:9      | Noticed Gangsterbeez's ghost (novice MiFi)
  9280 | D:10     | Entered Level 10 of the Dungeon
  9397 | D:10     | Reached skill level 5 in Invocations
  9428 | D:10     | Found a shimmering altar of Xom.
  9431 | D:10     | Found a shimmering blue altar of Sif Muna.
  9431 | D:10     | Found a sparkling altar of Nemelex Xobeh.
  9431 | D:10     | Found a glowing silver altar of Zin.
  9433 | D:10     | Found a shadowy altar of Dithmenos.
  9434 | D:10     | Found a broken altar of Ashenzari.
  9690 | D:10     | Noticed a two-headed ogre
  9720 | D:10     | Killed a two-headed ogre
  9816 | D:10     | Noticed Gastronok
  9869 | D:10     | Killed Gastronok
  9869 | D:10     | Reached ***** piety under Okawaru
  9870 | D:10     | Reached XP level 11. HP: 80/99 MP: 13/15
 10335 | D:11     | Found Oroxtaet's Assorted Antiques.
 10542 | D:11     | Bought a scroll labelled VEPOGA ZOTUSH for 19 gold pieces
 10762 | D:11     | Reached skill level 10 in Armour
 10910 | D:11     | Reached skill level 10 in Fighting
 11524 | D:11     | Received a gift from Okawaru
 11665 | D:12     | Noticed Snorg
 11691 | D:12     | Killed Snorg
 11692 | D:12     | Reached skill level 15 in Axes
 11918 | D:12     | Noticed a deep elf pyromancer
 11936 | D:12     | Killed a deep elf pyromancer
 11969 | D:12     | Noticed a boulder beetle
 12231 | D:12     | Noticed a sun demon
 12454 | D:12     | Noticed a two-headed ogre
 12477 | D:12     | Killed a two-headed ogre
 12478 | D:12     | Reached skill level 1 in Evocations
 12783 | D:12     | Killed a boulder beetle
 13040 | D:12     | Noticed a two-headed ogre
 13310 | D:12     | Reached XP level 12. HP: 95/107 MP: 18/18
 13417 | D:12     | Noticed a centaur warrior
 13451 | D:12     | Killed a centaur warrior
 13540 | D:12     | Received a gift from Okawaru
 13541 | D:12     | Reached skill level 5 in Shields
 13753 | D:12     | Killed a two-headed ogre
 13914 | D:13     | Noticed a boulder beetle
 13994 | D:13     | Reached skill level 5 in Evocations
 14312 | D:13     | Noticed a seven-headed hydra
 14335 | D:13     | Killed a three-headed hydra
 14390 | D:13     | Killed a boulder beetle
 14415 | D:13     | Reached ****** piety under Okawaru
 14415 | D:13     | Received a gift from Okawaru
 14416 | D:13     | Acquired a +2 heavy broad axe
 14416 | D:13     | Received a gift from Okawaru
 14418 | D:13     | Acquired the +0 pair of gloves of Gobyir {rElec rC+ Will-
                  | Slay+5}
 14418 | D:13     | Received a gift from Okawaru
 14437 | D:13     | Found a frozen archway.
 14453 | D:13     | Noticed a centaur warrior
 14458 | D:13     | Killed a centaur warrior
 14718 | Lair:1   | Entered Level 1 of the Lair of Beasts
 14884 | Lair:1   | Identified the staff of Severance {rF+ Int+5 Summ Fire}
 14896 | Lair:1   | Noticed a boulder beetle
 14940 | Lair:1   | Killed a boulder beetle
 15166 | Lair:1   | Received a gift from Okawaru
 15558 | Lair:1   | Reached skill level 1 in Throwing
 15577 | Lair:1   | Reached XP level 13. HP: 98/123 MP: 19/19
 16427 | Lair:2   | Received a gift from Okawaru
 16492 | Lair:2   | Noticed Fannar
 16504 | Lair:2   | Killed Fannar
 16677 | Lair:2   | Found a staircase to the Shoals.
 17784 | Lair:3   | Found a staircase to the Snake Pit.
 18047 | Lair:3   | Reached skill level 15 in Fighting
 18047 | Lair:3   | Reached skill level 5 in Throwing
 18259 | Lair:3   | Received a gift from Okawaru
 18839 | Lair:4   | Found a viscous altar of Jiyva.
 18840 | Lair:4   | Found a staircase to the Slime Pits.
 19044 | Lair:5   | Entered Level 5 of the Lair of Beasts
 19052 | Lair:4   | HP: 6/128 [poisoned by a cane toad]
 19114 | Lair:4   | Received a gift from Okawaru
 19124 | Lair:3   | HP: 6/128 [poisoned by a black mamba]
 19132 | Lair:3   | Reached XP level 14. HP: 12/137 MP: 20/20
 20784 | Lair:5   | Received a gift from Okawaru
 22335 | Lair:5   | Received a gift from Okawaru
 22869 | Lair:4   | Upgraded the game from 0.32-a0-540-g866d13106e to
                  | 0.32-a0-558-g233958a4c4
 23122 | Orc:1    | Entered Level 1 of the Orcish Mines
 23548 | Orc:1    | Found a roughly hewn altar of Beogh.
 23777 | Orc:2    | Entered Level 2 of the Orcish Mines
 23791 | Orc:2    | Found Foroag's Distillery.
 23862 | Orc:2    | Found Xodenoez's Assorted Antiques.
 23883 | Orc:2    | Noticed Donald
 23908 | Orc:2    | Found a gate leading to a gauntlet.
 23916 | Gauntlet | Entered a Gauntlet
 23916 | Gauntlet | Found a transporter.
 23916 | Gauntlet | Found a transporter.
 24222 | Gauntlet | Found a transporter.
 24248 | Gauntlet | Found a transporter.
 24252 | Gauntlet | Identified the +0 cloak of Gozag's Condemnation {rN++}
 24267 | Gauntlet | Received a gift from Okawaru
 24361 | Gauntlet | Found a transporter.
 24376 | Gauntlet | Identified the ring "Qieso" {Fly rC++ Int+5}
 24647 | Gauntlet | Reached XP level 15. HP: 81/150 MP: 19/21
 24900 | Orc:1    | Killed Donald
 26333 | Orc:2    | Found a staircase to the Elven Halls.
 26340 | Orc:2    | Found Hocses's Distillery.
 26864 | Orc:2    | Found Yruepn's Antique Weapon Emporium.
 26876 | Orc:2    | Found Akloehef's Jewellery Shop.
 26896 | Orc:2    | Found Riah's Weapon Shop.
 26898 | Orc:2    | Found Dukhiug's General Store.
 26919 | Orc:2    | Bought a smoking broad axe for 243 gold pieces
 26919 | Orc:2    | Identified the +9 broad axe of Runek {drain, rC+ rN+ Str+4}
                  | (You bought it in a shop on level 2 of the Orcish Mines)
 26935 | Orc:2    | Bought the Grimoire of the Prime Material for 598 gold
                  | pieces
 26940 | Orc:2    | Learned a level 4 spell: Olgreb's Toxic Radiance
 26946 | Orc:2    | Learned a level 5 spell: Alistair's Intoxication
 27078 | Orc:2    | Bought a potion of haste for 240 gold pieces
 27096 | Orc:2    | Bought a potion of heal wounds for 90 gold pieces
 27096 | Orc:2    | Bought a potion of curing for 54 gold pieces
 27096 | Orc:2    | Bought 2 potions of curing for 108 gold pieces
 27144 | Orc:2    | Bought a potion of curing for 48 gold pieces
 27144 | Orc:2    | Bought a potion of heal wounds for 80 gold pieces
 27144 | Orc:2    | Bought a potion of heal wounds for 80 gold pieces
 27298 | D:9      | Killed Gangsterbeez's ghost
 28261 | D:13     | Received a gift from Okawaru
 28525 | D:14     | Noticed Agnes
 28559 | D:13     | HP: 1/151 [Agnes/+5 lajatang of speed (11)]
 28559 | D:13     | Annihilated by a large slime creature

Illustrated notes

Levels and vault maps discovered:
D:1:      onia_arrival_mini_spirals, layout_basic,
          hellmonk_ecumenical_altar_leap_of_faith, serial_shops,
          nicolae_shop_industrial_runoff
D:2:      layout_rooms, kennysheep_nondescript, kennysheep_path_1,
          kennysheep_generic_room_10
D:3:      layout_rooms, nicolae_ru_awakened_eye,
          minmay_fractal_squares_gapless_5
D:4:      old_forge, layout_basic, minmay_snake_closets, uniq_ijyb
D:5:      layout_rooms, tso_metal_star, grunt_ministairs_12,
          kennysheep_generic_room_9
D:6:      layout_loops_ring, minmay_temple_entry_slanted,
          nicolae_inconvenience_store, uniq_menkaure, uniq_jeremiah
D:7:      layout_loops_corners, uniq_maggie, uniq_crazy_yiuf_cottage
D:8:      layout_loops_ring, dancing_weapons_uskayaw, serial_co_window_serial,
          co_window_corner_a, co_window_corner_a, co_window_paths_b,
          co_window_corner_a, co_window_corner_a, co_window_paths_a,
          co_window_corner_ca, co_window_broadway_a, co_window_broadway_a,
          co_window_unsneaky_path_c, glass_columns_a, glass_columns_b,
          glass_columns_c
D:9:      layout_loops_ring, erik_lair_orcish_takeover,
          ebering_ghost_reflecting_pool
D:10:     layout_cave_pools, grunt_temple_overflow_open, uniq_gastronok
D:11:     layout_basic, serial_shops, nicolae_square_shop, st_stairs_6
D:12:     layout_small_grid, minmay_bent, uniq_snorg
D:13:     layout_rooms, portal_ice_cave_entry_pillars_1, kennysheep_small_square
D:14:     layout_big_octagon, hellmonk_vaults_keyhole,
          lemuel_coloured_pillars_altar, uniq_azrael, uniq_agnes
Temple:   nicolae_temple_ecumenical_triangle
Lair:1:   layout_cave_pods, infiniplex_staircase_pool_2
Lair:2:   layout_cave_shapes, elwin_shoals_entry_rooms, uniq_fannar
Lair:3:   layout_gridlike, nicolae_snake_entry_squirm, grunt_megastairs_1
Lair:4:   layout_regular_city, minmay_slime_entry_jelly_boxes
Lair:5:   minmay_lair_end_frog_pond, layout_loops_ring
Orc:1:    layout_diamond_mine, basic_altar, uniq_nergalle
Orc:2:    st_orc_elflike, layout_caves, serial_shops,
          nicolae_shop_tiny_statue_garden, nicolae_shop_peninsula, shop,
          gauntlet_entry_generic, nooodl_orcs_dogs, uniq_donald

Skill      XL: |  1  2  3  4  5  6  7  8  9 10 11 12 13 14 15 |
---------------+----------------------------------------------+-----
Axes           | 3 4 5 6 8 10 12 13 16 18 | 18.0
Fighting       | 4 5 6 7 8 9 10 13 16 18 | 18.9
Armour         | 4 5 6 7 8 9 10 | 10.8
Invocations    | 3 6 8 |  8.0
Evocations     | 2 7 |  7.0
Shields        | 4 5 7 |  7.5
Throwing       | 1 5 6 |  6.7

Action                     |  1- 3 |  4- 6 |  7- 9 | 10-12 | 13-15 || total
---------------------------+-------+-------+-------+-------+-------++-------
  Melee: War axe           |    57 |   160 |   378 |   646 |   907 ||  2148
         Broad axe         |       |       |       |       |   294 ||   294
   Fire: Sling             |    79 |     4 |       |       |       ||    83
  Throw: Dart              |       |       |       |     9 |       ||     9
 Invoke: Heroism           |       |       |       |     3 |    11 ||    14
         Receive Weapon    |       |       |       |     1 |       ||     1
         Receive Armour    |       |       |       |     1 |       ||     1
         Finesse           |       |       |       |       |     1 ||     1
  Evoke: Wand              |       |       |     6 |    22 |     9 ||    37
    Use: Scroll            |       |     8 |     6 |    15 |     9 ||    38
         Potion            |       |       |     1 |     1 |    21 ||    23
   Stab: Paralysed         |       |       |       |       |     1 ||     1
         Petrified         |       |       |       |       |     1 ||     1
 Armour: Scale mail        |    76 |    61 |       |   367 |   739 ||  1243
         Chain mail        |       |    57 |   163 |       |       ||   220
         Plate armour      |       |       |    87 |    41 |       ||   128
  Dodge: Dodged            |    44 |    72 |   226 |   382 |   606 ||  1330
  Block: Buckler           |    18 |    33 |    74 |   119 |   184 ||   428
         Kite shield       |       |       |       |       |    64 ||    64

Table legend: (Time is in decaauts)
 A = Elapsed time spent in this place.
 B = Non-inter-level travel time spent in this place.
 C = Inter-level travel time spent in this place.
 D = Time resting spent in this place.
 E = Time spent auto-exploring this place.
 F = Levels seen in this place.
 G = Mean time per level.
                   A        B        C        D        E       F      G
               +--------+--------+--------+--------+--------+-----+--------+
         Total |  28263 |  27275 |    988 |   6415 |  14059 |  23 | 1228.8 |
       Dungeon |  16123 |  15519 |    604 |   3078 |   8566 |  14 | 1151.6 |
        Temple |     14 |      8 |      6 |      0 |      0 |   1 |   14.0 |
          Lair |   8189 |   7897 |    292 |   1636 |   4410 |   5 | 1637.8 |
  Orcish Mines |   3067 |   2981 |     86 |    950 |   1083 |   2 | 1533.5 |
      Gauntlet |    868 |    868 |      0 |    750 |      0 |   1 |  868.0 |
               +--------+--------+--------+--------+--------+-----+--------+

Top non-repeatable levels by time:
    D:12: 2363 daAuts
  Lair:3: 2221 daAuts
  Lair:4: 2014 daAuts
     D:4: 2002 daAuts
   Orc:2: 1984 daAuts
    D:11: 1778 daAuts
  Lair:5: 1739 daAuts
    D:13: 1452 daAuts
  Lair:1: 1352 daAuts
     D:9: 1334 daAuts
     D:7: 1244 daAuts
     D:8: 1119 daAuts
   Orc:1: 1082 daAuts
     D:6: 1060 daAuts
Gauntlet: 868 daAuts
